 Dungeon Crawl Stone Soup version 0.17-a0-1-g1f4be75 (webtiles) character file.

685 Malachi the Skirmisher (level 7, -1/60 HPs)
             Began as a Centaur Fighter on Mar 11, 2015.
             Was a Believer of Elyvilon.
             Slain by a gnoll
             ... wielding a +0 halberd
              (10 damage)
             ... on level 5 of the Dungeon.
             The game lasted 00:11:08 (5521 turns).

Malachi the Skirmisher (Centaur Fighter)            Turns: 5521, Time: 00:11:08

Health: -1/60      AC:  9    Str: 18    XL:     7   Next: 35%
Magic:  7/7        EV:  5    Int:  7    God:    Elyvilon [**....]
Gold:   231        SH:  0    Dex: 11    Spells: 0 memorised, 6 levels left

rFire  . . .     SeeInvis .     y - +0 great sword
rCold  . . .     Clarity  .     f - +0 chain mail
rNeg   . . .     SustAb   .     (no shield)
rPois  .         Gourm    .     (no helmet)
rElec  .         Spirit   .     (no cloak)
rCorr  .         Warding  .     m - +0 pair of gloves
rMut   .         Stasis   .     (no barding)
MR     .....                    (no amulet)
Stlth  ..........               (no ring)
                                (no ring)

@: very quick, not resistant to hostile enchantments, extremely unstealthy
A: hooves 3, deformed body, speed 2, tough skin 3
a: Lesser Healing, Divine Protection, Heal Other, Renounce Religion


You were on level 5 of the Dungeon.
You worshipped Elyvilon.
Elyvilon was pleased with you.
You were hungry.

You visited 1 branch of the dungeon, and saw 5 of its levels.

You collected 231 gold pieces.

Inventory:

Hand weapons
 a - a +0 long sword
 y - a +0 great sword (weapon)
 A - a +3 blowgun
 C - a cursed +0 shortbow
 G - a +4 halberd of venom
Missiles
 u - 29 poisoned needles
 B - 4 needles of sleeping
 D - 17 arrows
Armour
 c - a +0 shield
 f - a +0 chain mail (worn)
 m - a +0 pair of gloves (worn)
Magical devices
 E - a wand of paralysis (11)
Scrolls
 g - a scroll of remove curse
 j - a scroll of amnesia {unknown}
 l - a scroll of immolation {unknown}
 o - 2 scrolls of noise {unknown}
 q - a scroll of enchant weapon {unknown}
 s - 3 scrolls of identify {unknown}
 v - a scroll of recharging {unknown}
 F - a scroll of fog {unknown}
 I - a scroll of enchant armour {unknown}
Potions
 e - 2 potions of might
 i - 3 potions of curing
 n - 2 potions of magic {unknown}
 r - a potion of ambrosia {unknown}
 t - a potion of brilliance {unknown}
 w - 2 potions of mutation {unknown}
 x - 3 potions of heal wounds {unknown}
 H - a potion of berserk rage {unknown}
 J - a potion of cancellation {unknown}
 K - a potion of agility {unknown}
Books
 b - a book of Transfigurations

   Spells                             Type                      Level
   a - Stoneskin                      Transmutation/Earth          2
   b - Irradiate                      Conjuration/Transmutation    5
   c - Statue Form                    Transmutation/Earth          6
   d - Hydra Form                     Transmutation                6
   e - Dragon Form                    Transmutation                7
 z - a book of Minor Magic

   Spells                             Type                      Level
   a - Magic Dart                     Conjuration                  1
   b - Blink                          Translocation                2
   c - Call Imp                       Summoning                    2
   d - Repel Missiles                 Charms/Air                   2
   e - Slow                           Hexes                        2
   f - Conjure Flame                  Conjuration/Fire             3
   g - Mephitic Cloud                 Conjuration/Poison/Air       3
Comestibles
 d - 3 bread rations
 h - a royal jelly
 k - 2 meat rations
 p - 2 beef jerkies


   Skills:
 + Level 4.3 Fighting
 + Level 3.2 Long Blades
 + Level 3.6 Throwing
 + Level 3.6 Armour
 + Level 1.6 Dodging
 + Level 0.1 Stealth
 + Level 3.1 Shields
 * Level 2.1 Invocations


You had 6 spell levels left.
You didn't know any spells.

Dungeon Overview and Level Annotations

Branches:
Dungeon (5/15)             Temple (0/1) D:4

Altars:
Ashenzari
Elyvilon
Makhleb
Nemelex Xobeh
Okawaru
Ru


Innate Abilities, Weirdness & Mutations

You have hooves in place of feet.
Armour fits poorly on your strangely shaped body.
You cover ground very quickly.
You have extremely tough skin (AC +3).


Message History

The orc priest hits you but does no damage.
The gnoll barely misses you. The orc priest hits you with a club.
* * * LOW HITPOINT WARNING * * *
You are too injured to fight recklessly!
You hit the orc priest but do no damage.
You kick the orc priest, but do no damage.
The orc priest is heavily wounded.
The gnoll closely misses you.
The orc priest calls down the wrath of Beogh upon you.
Something smites you!
* * * LOW HITPOINT WARNING * * *
Read which item? (? for menu, Esc to quit)
Okay, then.
Drink which item? (? for menu, Esc to quit)
You feel better.
The orc priest invokes the aid of Beogh against you.
Pain shoots through your body!
* * * LOW HITPOINT WARNING * * *
The gnoll hits you from afar with a halberd!
You die...

.# #>......[.......######..#####.
.###.#.###.######..# #..#.....
.......# #.# #..# #..#.....
#.##..####.# #..# #..#.....
...........#### ##.## #..#.....
#.##..##......# #..#####..#.....
#.##..##......# #.........#.....
#.##..##[.....####...####.##.....
#<............รท.@o....<..........
#.....##......####g#.#.###.#.....
#...#.##......# #g#.#.......####
#(###.##......# #o#..####.#.#
......######### #.#..# #.#.#
..##### #o#..# #.#.# ### #g#..#
#.#.# #....(#..## #.#.#
........#...# #.#.#


You could see an orc priest and a gnoll.

Vanquished Creatures
  A centaur (D:4)
  An ice beast (D:5)
  Blork the orc (D:5)
  A scorpion (D:5)
  A water moccasin skeleton (D:4)
  A hound (D:4)
  A giant frog zombie (D:5)
  A gnoll shaman (D:4)
  A worker ant (D:4)
  8 gnolls
  A worker ant zombie (D:5)
  3 adders
  A shadow imp (D:5)
  A worm (D:2)
  3 giant geckos
  2 oozes
  5 orcs
  3 ball pythons
  14 bats
  A bat skeleton (D:4)
  6 giant cockroaches
  15 hobgoblins
  11 jackals
  6 giant newts
  4 goblins
  13 kobolds
  A quokka (D:4)
  9 rats
116 creatures vanquished.

Notes
Turn   | Place    | Note
--------------------------------------------------------------
     0 | D:1      | Malachi, the Centaur Fighter, began the quest for the Orb.
     0 | D:1      | Reached XP level 1. HP: 19/19 MP: 1/1
   431 | D:1      | Reached XP level 2. HP: 26/26 MP: 2/2
   797 | D:1      | Reached XP level 3. HP: 29/31 MP: 3/3
  1060 | D:2      | Found a shattered altar of Ashenzari.
  1063 | D:2      | Found a sparkling altar of Nemelex Xobeh.
  1071 | D:2      | Found a white marble altar of Elyvilon.
  1113 | D:2      | Became a worshipper of Elyvilon the Healer
  1493 | D:2      | Found a sacrificial altar of Ru.
  1699 | D:3      | Reached skill level 1 in Dodging
  1700 | D:3      | Reached XP level 4. HP: 36/38 MP: 3/3
  1772 | D:3      | Found a white marble altar of Elyvilon.
  2271 | D:3      | Found a burning altar of Makhleb.
  2609 | D:3      | Reached XP level 5. HP: 34/45 MP: 4/4
  2950 | D:3      | Acquired Elyvilon's first power
  3230 | D:4      | Noticed a centaur
  3244 | D:4      | Killed a centaur
  3244 | D:4      | Reached skill level 1 in Throwing
  3408 | D:4      | Reached XP level 6. HP: 29/52 MP: 5/5
  3644 | D:4      | Found an iron altar of Okawaru.
  3667 | D:4      | Found a staircase to the Ecumenical Temple.
  3713 | D:4      | Reached skill level 4 in Fighting
  3724 | D:4      | Reached skill level 1 in Invocations
  4219 | D:4      | Acquired Elyvilon's second power
  4338 | D:5      | Entered Level 5 of the Dungeon
  4360 | D:5      | Noticed Blork the orc
  4400 | D:5      | Killed Blork the orc
  4734 | D:5      | Reached XP level 7. HP: 46/59 MP: 7/7
  5521 | D:5      | Slain by a gnoll

Action                   |  1- 3 |  4- 6 |  7- 9 || total
-------------------------+-------+-------+-------++-------
Melee: Long sword        |   164 |    52 |       ||   216
       Great sword       |       |   102 |    26 ||   128
 Fire: Blowgun           |       |    43 |     6 ||    49
Evoke: Wand              |       |       |     2 ||     2
  Use: Potion            |       |     1 |     1 ||     2
       Scroll            |       |       |     1 ||     1
  Eat: Chunk             |     2 |     7 |     1 ||    10
       Fruit             |       |       |     2 ||     2
